 Dungeon Crawl Stone Soup version 0.23-a0-139-ga22e90c (webtiles) character file.

11 Collin1234 the Conjurer (level 2, -2/20 HPs)
             Began as a Demigod Conjurer on Aug 30, 2018.
             Slain by an ooze (4 damage)
             ... on level 1 of the Dungeon.
             The game lasted 00:00:55 (255 turns).

Collin1234 the Conjurer (Demigod Conjurer)           Turns: 255, Time: 00:00:55

Health: -2/20      AC:  9    Str: 11    XL:     2   Next: 6%
Magic:  7/7        EV:  2    Int: 19    God:
Gold:   8          SH:  0    Dex: 16    Spells: 3/4 levels left

rFire    . . .     SeeInvis .   b - +0 club
rCold    . . .     Gourm    .   (no shield)
rNeg     . . .     Faith    .   d - -1 plate armour (curse)
rPois    .         Spirit   .   (no helmet)
rElec    .         Reflect  .   (no cloak)
rCorr    .         Harm     .   (no gloves)
MR       .....                  (no boots)
Stlth    ..........             (no amulet)
HPRegen  0.06/turn              (no ring)
MPRegen  0.10/turn              (no ring)

@: very slightly contaminated
A: high mp 1
a: no special abilities


You were on level 1 of the Dungeon.
You were not hungry.

You visited 1 branch of the dungeon, and saw 1 of its levels.

You collected 8 gold pieces.

Inventory:

Hand Weapons
 b - a +0 club (weapon)
Armour
 a - a +0 robe
 d - a cursed -1 plate armour (worn)
Potions
 e - a potion of haste {unknown}
Comestibles
 c - a ration


   Skills:
 + Level 1.8 Dodging
 + Level 1.7 Stealth
 + Level 1.8 Spellcasting
 + Level 4.0 Conjurations


You had 3 spell levels left.
You knew the following spells:

 Your Spells              Type           Power        Failure   Level  Hunger
a - Magic Dart            Conj           ###.         100%        1    #......

Your spell library contained the following spells:

 Spells                   Type           Power        Failure   Level  Hunger
 Searing Ray              Conj           ###...       100%        2    ###....
 Dazzling Spray           Conj/Hex       #.....       100%        3    ###....
 Force Lance              Conj/Tloc      #.......     100%        4    #####..
 Fulminant Prism          Conj/Hex       #.........   100%        4    #####..
 Iskenderun's Mystic Bla  Conj           ###.....     100%        4    #####..


Dungeon Overview and Level Annotations

Branches:
Dungeon (1/15)


Innate Abilities, Weirdness & Mutations

You have an increased reservoir of magic. (+10% MP)


Message History

* * * LOW HITPOINT WARNING * * *
Your plate armour prevents you from hitting the ooze.
The ooze barely misses you.
You hit the ooze.
The ooze is lightly wounded.
The ooze hits you but does no damage.
You completely miss the ooze.
The ooze is lightly wounded.
The ooze hits you but does no damage. x2
You hit the ooze.
The ooze is moderately wounded.
The ooze hits you but does no damage.
You hit the ooze.
The ooze is heavily wounded.
The ooze hits you.
* * * LOW HITPOINT WARNING * * *
You hit the ooze but do no damage.
The ooze is heavily wounded.
The ooze hits you but does no damage. The ooze hits you.
You die...

†......# ##.###.#
#.# #.# #.# #.#
#.# #.# #.# #.#
#.# #.# #.# #.#
#.# #.# #.# #.#
#.# #.# ##.###.#
#.# #.#
.......#####.###.#
##.............J@#
#####.##.###.####
#.##..##.#
#.##...#..
#....#..!.#
...##.##..# ...# (
#..# ...# . #..#


You could see an ooze.

Vanquished Creatures
  A bat (D:1)
  A giant cockroach (D:1)
  2 hobgoblins (D:1)
  A jackal (D:1)
  2 kobolds (D:1)
  A frilled lizard (D:1)
  2 rats (D:1)
10 creatures vanquished.

Notes
Turn   | Place    | Note
-------+----------+-------------------------------------------
     0 | D:1      | Collin1234 the Demigod Conjurer began the quest for the
                  | Orb.
     0 | D:1      | Reached XP level 1. HP: 14/14 MP: 5/5
   198 | D:1      | Reached skill level 4 in Conjurations
   217 | D:1      | Reached XP level 2. HP: 7/20 MP: 4/7
   255 | D:1      | Slain by an ooze

Vault maps used:
D:1:      dpeg_arrival_snail, minmay_distorted

Skill      XL: |  1 |
---------------+----+-----
Conjurations   | 4 |  4.0
Dodging        | |  1.8
Stealth        | |  1.7
Spellcasting   | |  1.8

Action                   || total
-------------------------++-------
Melee: Club              ||    55
 Cast: Magic Dart        ||     5
Armor: Plate armour      ||    74
       Robe              ||     2
Dodge: Dodged            ||     9

Table legend:
 A = Non-vault XP
 B = Vault XP
 C = Vault XP percentage of total XP
 D = Non-vault monster count
 E = Vault monster count
 F = Vault count percentage of total count
                 A         B        C        D         E       F
            +---------+---------+-------+---------+---------+-------
      Total |      15 |       2 |  11.8 |       9 |       1 |  10.0
            +---------+---------+-------+---------+---------+-------
        D:1 |      15 |       2 |  11.8 |       9 |       1 |  10.0
            +---------+---------+-------+---------+---------+-------
